 Dungeon Crawl Stone Soup version 0.29-a0-375-g5102b3be25 (webtiles) character file.

Game seed: 13004650269514624413

61 happo123 the Ruffian (level 3, 0/37 HPs)
             Began as a Troll Berserker on May 3, 2022.
             Was a Follower of Trog.
             Succumbed to Jessica's poison
             ... on level 2 of the Dungeon.
             The game lasted 00:07:33 (584 turns).

happo123 the Ruffian (Troll Berserker)               Turns: 584, Time: 00:07:33

Health: 0/37       AC:  4    Str: 27    XL:     3   Next: 83%
Magic:  2/2        EV: 10    Int:  3    God:    Trog [*.....]
Gold:   39         SH:  0    Dex:  9    Spells: 2/2 levels left

rFire   . . .      SeeInvis .     - Unarmed
rCold   . . .      Faith    .   (no shield)
rNeg    . . .      Spirit   .   a - +0 animal skin
rPois   .          Reflect  .   (helmet restricted)
rElec   .          Harm     .   (no cloak)
rCorr   .          Rampage  .   (gloves unavailable)
Will    ++...                   (boots unavailable)
Stlth   +.........              (no amulet)
HPRegen 1.92/turn               (no ring)
MPRegen 0.08/turn               (no ring)

@: lethally poisoned (0 -> 0), strong-willed, on berserk cooldown, regenerating
A: large, unfitting armour, claws 3, regeneration 1, shaggy fur 1, tough skin 1
a: Renounce Religion, Berserk


You were on level 2 of the Dungeon.
You worshipped Trog.
Trog was aware of your devotion.
You visited 1 branch of the dungeon, and saw 2 of its levels.

You collected 39 gold pieces.

Inventory:

Missiles
 i - 5 boomerangs (quivered)
Armour
 a - a +0 animal skin (worn)
Scrolls
 d - a scroll of enchant weapon {unknown}
 e - 2 scrolls of identify {unknown}
 h - a scroll of fog {unknown}
Potions
 b - a potion of flight {unknown}
 c - a potion of brilliance {unknown}
 f - a potion of degeneration {unknown}
 g - a potion of attraction {unknown}
 j - a potion of curing {unknown}


   Skills:
 + Level 3.0 Fighting
 + Level 3.0 Dodging
 + Level 3.7 Unarmed Combat


You had 2 spell levels left.
You didn't know any spells.
Your spell library was empty.

Dungeon Overview and Level Annotations

Branches:
Dungeon (2/15)

Altars:

Annotations:
D:2 Jessica


Innate Abilities, Weirdness & Mutations

You are too large for most types of armour.
You have claws for hands.
Your natural rate of healing is unusually fast.
You are covered in fur. (AC +1)
You have tough skin. (AC +1)


Message History

You feel your anger nearly subside.
You are no longer berserk.
You are exhausted.
You feel yourself slow down.
A hobgoblin comes into view.
The hobgoblin closely misses you.
You claw the hobgoblin!
You kill the hobgoblin!
Trog accepts your kill.
Found a grey potion.
j - a sapphire potion
There is an escape hatch in the floor, spattered with blood here.
Found an escape hatch in the ceiling.
Jessica the Apprentice Sorceress comes into view.
She is wielding a +1 dagger of venom and carrying a wand of flame (9).
Jessica shouts!
Found 10 gold pieces.
Jessica zaps a wand.
The puff of flame hits you!
Jessica casts a spell.
Jessica seems to speed up.
You feel yourself speed up.
Jessica hits you with a +1 dagger of venom.
You are poisoned.
Jessica zaps a wand.
The puff of flame hits you!
You closely miss Jessica.
You feel very sick.
Jessica zaps a wand.
The puff of flame hits you!
* * * LOW HITPOINT WARNING * * *
Jessica casts a spell.
Jessica blinks!
* * * LOW HITPOINT WARNING * * *
You feel very sick.
A quokka comes into view.
An endoplasm comes into view.
Jessica very coldly says, "I hate your company."
Jessica mumbles some strange words.
Jessica blinks!
The endoplasm quivers.
* * * LOW HITPOINT WARNING * * *
You feel sick.
Your skin crawls.
You feel strong-willed.
You can no longer call upon Trog for regeneration and willpower.
You die...

.# #..##
...###.#######....
..##..#..........
.#######.##.##.######.))
......#...#.##.## ###.#.
..Jr.#..........# #...#.
...@............###.###.
#....<.......##..# ..
#..@........>..## ..
##$###.......### .(
#...!.####### #..
####.## #. ##


You could see Jessica (fast), an endoplasm and a quokka.

Vanquished Creatures
  Terence (D:2)
  2 bats (D:1)
  3 endoplasms (D:1)
  2 giant cockroaches (D:1)
  3 hobgoblins
  4 jackals (D:2)
  2 quokkas (D:1)
  4 ball pythons
  A frilled lizard (D:1)
  2 goblins (D:1)
  5 kobolds
  3 rats
32 creatures vanquished.

Notes
Turn   | Place    | Note
-------+----------+-------------------------------------------
     0 | D:1      | happo123 the Troll Berserker began the quest for the Orb.
     0 | D:1      | Reached XP level 1. HP: 22/22 MP: 0/0
   131 | D:1      | Reached XP level 2. HP: 29/29 MP: 1/1
   468 | D:2      | Reached XP level 3. HP: 36/36 MP: 2/2
   519 | D:2      | Reached ** piety under Trog
   544 | D:2      | Noticed Terence
   560 | D:2      | Killed Terence
   577 | D:2      | Noticed Jessica
   582 | D:2      | HP: 1/37 [poisoned by Jessica]
   584 | D:2      | Succumbed to Jessica's poison

Illustrated notes

Levels and vault maps discovered:
D:1:      dpeg_arrival_more_subterranean_lakeside_camping, layout_rooms,
          minmay_misc_feat_columns, feat_on_display
D:2:      layout_rooms, serial_shops, nicolae_shop_advertising_works
          [nicolae_subvault_shop_adworks], uniq_jessica, uniq_terence

Skill      XL: |  1  2  3 |
---------------+----------+-----
Fighting       | 3 |  3.0
Dodging        | 3 |  3.0
Unarmed Combat | |  3.7

Action                   || total
-------------------------++-------
Melee: Unarmed           ||    78
       Punch             ||     1
Invok: Berserk           ||     3
       Trog's Hand       ||     1
Armor: Animal skin       ||    22
Dodge: Dodged            ||    43

Table legend: (Time is in decaauts)
 A = Elapsed time spent in this place.
 B = Non-inter-level travel time spent in this place.
 C = Inter-level travel time spent in this place.
 D = Time resting spent in this place.
 E = Time spent auto-exploring this place.
 F = Levels seen in this place.
 G = Mean time per level.
                   A        B        C        D        E       F      G
               +--------+--------+--------+--------+--------+-----+--------+
         Total |    597 |    440 |    157 |      0 |    258 |   2 |  298.5 |
       Dungeon |    597 |    440 |    157 |      0 |    258 |   2 |  298.5 |
               +--------+--------+--------+--------+--------+-----+--------+

Top non-repeatable levels by time:
     D:1: 461 daAuts
     D:2: 135 daAuts
